 Dungeon Crawl Stone Soup version 0.31.0-11-ge490571c62 (webtiles) character file.

Game seed: 14363774838779515951

34 jasper the Grasshopper (level 3, -1/29 HPs)
             Began as an Armataur Warper on Jan 28, 2024.
             Was an Initiate of Cheibriados.
             Slain by a jackal (3 damage)
             ... on level 4 of the Dungeon.
             The game lasted 00:04:36 (1804 turns).

jasper the Grasshopper (Armataur Warper)            Turns: 1804, Time: 00:04:37

Health: -1/29      AC:  4    Str: 17    XL:     3   Next: 14%
Magic:  5/5        EV:  9    Int: 16    God:    Cheibriados [......]
Gold:   52         SH:  0    Dex: 10    Spells: 3/5 levels left

rFire   . . .        a - +0 short sword
rCold   . . .        (no shield)
rNeg    . . .        b - +0 leather armour
rPois   .            (no helmet)
rElec   .            (no cloak)
rCorr   .            (no gloves)
SInv    .            (no barding)
Will    .....        (no amulet)
Stlth   ++           (no ring)
HPRegen 0.24/turn    (no ring)
MPRegen 0.09/turn

%: roll
@: very slow
A: large, deformed body, tough skin 3, armoured tail, roll 1
a: Renounce Religion


You were on level 4 of the Dungeon.
You worshipped Cheibriados.
Cheibriados was noncommittal.
You visited 1 branch of the dungeon, and saw 4 of its levels.

You collected 52 gold pieces.

Inventory:

Hand Weapons
 a - a +0 short sword (weapon)
Missiles
 d - 7 darts of dispersal (quivered)
 h - 14 stones
Armour
 b - a +0 leather armour (worn)
Scrolls
 f - a scroll of vulnerability {unknown}
 g - a scroll of teleportation
 i - a scroll of butterflies {unknown}


   Skills:
 - Level 2.0 Fighting
 - Level 1.7 Short Blades
 - Level 0.8 Throwing
 - Level 1.2 Armour
 - Level 1.5 Dodging
 + Level 2.8 Stealth
 - Level 1.7 Spellcasting
 - Level 3.1 Translocations


You had 3 spell levels left.
You knew the following spells:

 Your Spells              Type           Power      Damage    Failure   Level
a - Blink                 Tloc           22%        N/A       11%         2

Your spell library contained the following spells:

 Spells                   Type           Power      Damage    Failure   Level
 Lesser Beckoning         Tloc           22%        N/A       11%         2
 Teleport Other           Tloc           11%        N/A       21%         3
 Cigotuvi's Dreadful Rot  Necr/Alch/Air  2%         N/A       36%         2
 Manifold Assault         Tloc           11%        N/A       56%         4
 Vhi's Electric Charge    Tloc/Air       12%        N/A       78%         4
 Dispel Undead            Necr           1%         3d6       94%         4
 Martyr's Knell           Necr/Summ      1%         N/A       94%         4
 Death Channel            Necr           0%         N/A       100%        6


Dungeon Overview and Level Annotations

Branches:
Dungeon (4/15)
 Temple: D:4-7

Altars:
Cheibriados

Annotations:
D:2 Sigmund


Innate Abilities, Weirdness & Mutations

Armour fits poorly on your strangely shaped body.
You have extremely tough skin. (AC +3)
You have a long armoured tail.
You regenerate magic when rolling toward enemies. (Rampage MPRegen)


Message History

The orc is moderately wounded.
The orc hits you but does no damage.
You barely miss the orc.
You tail-slap the orc, but do no damage.
The orc is moderately wounded.
The orc completely misses you.
You barely miss the orc.
The orc is moderately wounded.
The orc hits you but does no damage. The orc hits you with a +0 club.
* * * LOW HITPOINT WARNING * * *
The orc attacks as it pursues you! The orc closely misses you.
As you read the scroll labelled ZESTAVOIQ, it crumbles to dust.
You hear a loud clanging noise!
It was a scroll of noise.
The orc hits you with a +0 club.
* * * LOW HITPOINT WARNING * * *
You aren't carrying any potions.
As you read the scroll labelled YDOYRE KYCWIS VUOG, it crumbles to dust.
The creatures around you are filled with an inner flame!
It was a scroll of immolation.
The orc hits you with a +0 club.
* * * LOW HITPOINT WARNING * * *
As you read the scroll labelled BERARU ELOSIF, it crumbles to dust.
You feel strangely unstable.
It was a scroll of teleportation.
The orc closely misses you. The orc attacks as it pursues you!
The orc barely misses you. The orc hits you but does no damage.
The orc attacks as it pursues you! The orc hits you but does no damage.
Your surroundings suddenly seem different. 2 jackals and an iguana come into view.
The jackal barks!
The iguana hisses angrily.
The jackal barks!
The jackal attacks as it pursues you!
The jackal bites you but does no damage.
The jackal attacks as it pursues you! The jackal barely misses you.
The jackal bites you.
* * * LOW HITPOINT WARNING * * *
The jackal barely misses you. The jackal barely misses you.
You barely miss the jackal.
Your tail-slap misses the jackal.
The jackal bites you.
You die...

.# .# ## .## #.
.. #. .# #
######.####.#.#
#......@hh....#
#.####.##l....#
#.#......#
#.#.#........
#........###.
######.### +#


You could see an iguana and 2 jackals.

Vanquished Creatures
  An adder (D:3)
  3 ball pythons
  An endoplasm (D:1)
  A giant cockroach (D:2)
  3 goblins (D:1)
  A hobgoblin (D:2)
  4 jackals
  5 kobolds
  A quokka (D:2)
  A rat (D:3)
21 creatures vanquished.

Notes
Turn   | Place    | Note
-------+----------+-------------------------------------------
     0 | D:1      | jasper the Armataur Warper began the quest for the Orb.
     0 | D:1      | Reached XP level 1. HP: 17/17 MP: 3/3
   958 | D:1      | Reached skill level 1 in Stealth
   958 | D:1      | Reached XP level 2. HP: 19/24 MP: 4/4
  1222 | D:2      | Noticed Sigmund
  1385 | D:3      | Found a snail-covered altar of Cheibriados.
  1385 | D:3      | Noticed a bombardier beetle
  1475 | D:3      | Became a worshipper of Cheibriados the Contemplative
  1688 | D:3      | Reached XP level 3. HP: 18/29 MP: 5/5
  1691 | D:3      | Learned a level 2 spell: Blink
  1804 | D:4      | Slain by a jackal

Illustrated notes

Levels and vault maps discovered:
D:1:      ncdulo_lavacross, layout_basic
D:2:      kennysheep_the_goblin_king, layout_basic, serial_shops, shop,
          uniq_sigmund
D:3:      layout_basic, slow_altar_1
D:4:      layout_loops_corners, minmay_temple_entry_overgrown, uniq_pikel

Skill      XL: |  1  2 |
---------------+-------+-----
Fighting       | 2 |  2.0
Stealth        | 1 2 |  2.8
Short Blades   | |  1.7
Throwing       | |  0.8
Armour         | |  1.2
Dodging        | |  1.5
Spellcasting   | |  1.7
Translocations | |  3.1

Action                     || total
---------------------------++-------
  Melee: Short sword       ||   156
         Tailslap          ||    14
         Punch             ||     1
    Use: Scroll            ||     4
   Stab: Sleeping          ||     1
 Armour: Leather armour    ||   108
  Dodge: Dodged            ||    64
